 Dungeon Crawl Stone Soup version 0.21.1-1-g345015f (webtiles) character file.

254612 Savaroth the Executioner (level 19, -1/191 HPs)
             Began as a Minotaur Berserker on Mar 31, 2018.
             Was an Elder of Trog.
             Slain by an ancient champion
             ... wielding a +3 great sword of draining
              (2 damage)
             ... on level 3 of the Vaults on Apr 1, 2018.
             The game lasted 02:25:17 (37553 turns).

Savaroth the Executioner (Minotaur Berserker)      Turns: 37553, Time: 02:25:18

Health: -1/191     AC: 31    Str: 28    XL:     19   Next: 40%
Magic:  6/6        EV: 11    Int:  5    God:    Trog [****..]
Gold:   1424       SH:  0    Dex: 11    Spells: 18/18 levels left

rFire    . . .     SeeInvis .   J - +6 hand axe (antimagic)
rCold    . . .     Gourm    .   d - +0 shield
rNeg     . . .     Faith    .   L - +3 plate armour {rPois}
rPois    +         Spirit   .   (helmet restricted)
rElec    .         Reflect  .   v - +1 cloak {rPois}
rCorr    .         Harm     .   g - +1 pair of gloves
MR       +++..                  q - +2 pair of boots
Stlth    ..........             (no amulet)
HPRegen  1.41/turn              m - +1 ring of slaying
MPRegen  0.10/turn              y - +2 ring of protection

@: confused, marked, berserk cooldown, regenerating, slowed, heavily drained,
very slow
A: retaliatory headbutt, horns 2
}: 1/15 runes: decaying
a: Berserk, Trog's Hand, Brothers in Arms, Burn Spellbooks, Renounce Religion


You were on level 3 of the Vaults.
You worshipped Trog.
Trog was greatly pleased with you.
You were not hungry.

You visited 5 branches of the dungeon, and saw 30 of its levels.

You collected 3064 gold pieces.
You spent 1640 gold pieces at shops.

Inventory:

Hand Weapons
 p - the +5 battleaxe of Embarrassment {chop, Int+2 Dex+5}
   (You acquired it on level 1 of the Vaults)

   It inflicts extra damage upon your enemies.
   It affects your intelligence (+2).
   It affects your dexterity (+5).
 C - a +2 battleaxe of freezing
 J - a +6 antimagic hand axe (weapon)
 Y - a +3 war axe
Armour
 d - a +0 shield (worn)
 g - a +1 pair of gloves (worn)
 o - the +5 chain mail of Perpetual Drought {rElec MR+ SInv}
   (You found it on level 15 of the Dungeon)

   It insulates you from electricity.
   It affects your resistance to hostile enchantments.
   It lets you see invisible.
 q - a +2 pair of boots (worn)
 v - a +1 cloak of poison resistance (worn)
 L - a +3 plate armour of poison resistance (worn)
Jewellery
 a - a +2 ring of intelligence {unknown}
 m - a +1 ring of slaying (left hand)
 n - an uncursed ring of protection from fire
 y - a +2 ring of protection (right hand)
 z - an uncursed ring of protection from cold
 E - an uncursed ring of ice {unknown}
 W - an uncursed ring of positive energy
Wands
 r - a wand of paralysis (16)
 F - a wand of scattershot (2)
Scrolls
 e - 6 scrolls of enchant armour
 h - 9 scrolls of teleportation
 i - 21 scrolls of identify
 k - 4 scrolls of enchant weapon
 x - a scroll of silence {unknown}
 A - 3 scrolls of fog
 B - 4 scrolls of blinking
 I - 5 scrolls of remove curse
 N - a scroll of summoning {unknown}
 S - a scroll of random uselessness {unknown}
 X - a scroll of brand weapon
Potions
 b - 5 potions of heal wounds
 f - 13 potions of curing
 j - 5 potions of haste
 l - 3 potions of invisibility
 s - 4 potions of brilliance
 t - a potion of agility
 u - a potion of magic
 w - a potion of berserk rage
 D - 5 potions of mutation
 G - 3 potions of flight
 M - a potion of lignification
 P - a potion of cancellation
Books
 H - the Almanac of Supportive Necromancy
   (You found it on level 2 of the Vaults)

   Spells                             Type                      Level
   a - Summon Butterflies             Summoning                    1
   b - Corpse Rot                     Necromancy                   2
   c - Sublimation of Blood           Necromancy                   2
   d - Summon Ice Beast               Ice/Summoning                4
   e - Summon Lightning Spire         Summoning/Air                4
   f - Simulacrum                     Ice/Necromancy               6
   Trog disapproves of the use of such an item.
Comestibles
 c - 26 rations


   Skills:
 + Level 21.7(18.8) Fighting
 + Level 21.7(18.8) Axes
 + Level 19.5(16.8) Armour
 * Level 9.3(7.2) Dodging
 - Level 15.0(12.5) Shields


You had 18 spell levels left.
You didn't know any spells.

Dungeon Overview and Level Annotations

Branches:
Dungeon (15/15)            Temple (0/1) D:6            Lair (6/6) D:11
  Swamp (4/4) Lair:3       Spider (0/4) Lair:3        Slime (0/5) Lair:6
    Orc (2/2) D:9             Elf (0/3) Orc:2        Vaults (3/5) D:13
 Depths (0/5) D:15
  Crypt: Vaults:2-3

Altars:
Ashenzari
Cheibriados
Fedhas
Gozag
Kikubaaqudgha
Makhleb
Okawaru
Sif Muna
Trog
Vehumet
Zin
Beogh

Shops:
D:7 }   Orc:2 !}[[   Vaults:2 (!


Innate Abilities, Weirdness & Mutations

You reflexively headbutt those who attack you in melee.
You have a pair of horns on your head.


Message History

The iron shot misses you. The tarantella bites you!
* * * LOW HITPOINT WARNING * * *
You are more confused.
The ancient champion hits you with a great sword of draining!
* * * LOW HITPOINT WARNING * * *
You feel drained.
* * * LOW HITPOINT WARNING * * *
The tarantella closely misses you.
You feel much better.
The ancient champion hits you with a great sword of draining!
* * * LOW HITPOINT WARNING * * *
You feel drained.
* * * LOW HITPOINT WARNING * * *
The tarantella bites you.
* * * LOW HITPOINT WARNING * * *
The lich touches you but does no damage.
The ancient champion hits you with a great sword of draining!
* * * LOW HITPOINT WARNING * * *
You feel drained.
You die...

...# #.p....
########......
...# #.....#
#...... ...#
#.....#
#...... .<.#
#....# #......
...# #.O.# ###
####### ...#
#.)### ###.#
...#
#.))(####...#
####
#..))(##L...#
#.....#pz@..#
#.....aps...#
#.....pp....#
#############


You could see a vault warden, a lich, 2 vault guards, an entropy weaver, an
ancient champion, a necromancer and a tarantella.

Vanquished Creatures
  Bai Suzhen (Swamp:4)
  Frances (Swamp:2)
  3 thorn hunters
  The ghost of buskinjo the Warrior, a journeyman OgIE of Okawaru (D:13)
  A storm dragon (Vaults:2)
  10 vault wardens
  A frost giant (Vaults:2)
  The ghost of VLARC the Geomancer, a journeyman DgEE (D:13)
  A war gargoyle (Vaults:2)
  10 ironheart preservers
  2 stone giants (Vaults:2)
  A deep elf annihilator (Vaults:3)
  A dire elephant (Lair:5)
  Snorg (D:11)
  A crystal guardian (Vaults:2)
  The ghost of Eltigrechino the Grappler, a journeyman TrFi of Trog (Lair:1)
  Erolcha (D:9)
  3 vault guards
  An ettin (Vaults:2)
  3 fire dragons
  The ghost of Gartch3 the Carver, a journeyman MiBe of Trog (D:10)
  5 yaktaur captains
  2 great orbs of eyes
  3 ice dragons
  3 catoblepae (Lair:6)
  29 hydras
  2 ghost crabs
  Erica (D:9)
  6 centaur warriors
  A death knight (D:14)
  48 two-headed ogres
  14 alligators
  A deep troll shaman (Vaults:1)
  17 ogre magi
  6 death yaks (Lair:6)
  A tengu warrior (D:14)
  2 spriggan berserkers (Swamp:4)
  6 deep elf knights
  Nergalle (Orc:2)
  13 skeletal warriors
  2 deep trolls (Vaults:1)
  A flayed ghost (D:15)
  A spriggan druid (Swamp:4)
  9 unseen horrors
  8 swamp dragons
  5 deep elf archers
  3 wizards
  A shambling mangrove (Swamp:4)
  A tengu zombie (D:15)
  A phantasmal warrior (D:15)
  11 ironbrand convokers
  12 orc knights
  An orb spider (shapeshifter) (Vaults:2)
  A wolf spider (shapeshifter) (Vaults:3)
  A necromancer (D:15)
  A stone giant zombie (D:15)
  28 ugly things
  5 orc sorcerers
  10 deep elf magi
  3 wolf spiders
  5 cyclopes
  3 manticores
  13 elephants
  2 centaur zombies (D:14)
  7 black mambas
  11 vault sentinels
  3 gargoyles
  A water nymph (shapeshifter) (Vaults:1)
  20 spiny frogs
  6 centaur skeletons
  2 kobold demonologists (D:15)
  A rime drake (Lair:5)
  12 yaktaurs
  4 komodo dragons
  6 freezing wraiths
  A tengu conjurer (D:14)
  A queen bee (D:10)
  A yaktaur skeleton (D:15)
  3 meliai (D:14)
  11 tyrant leeches
  6 trolls
  2 polar bears
  21 slime creatures
  2 jumping spiders (Lair:3)
  2 trolls (shapeshifter)
  16 hornets
  Prince Ribbit (D:7)
  9 bog bodies
  15 blink frogs
  2 hippogriffs (shapeshifter)
  11 hippogriffs
  A stone giant simulacrum (Vaults:2)
  A shadow (D:15)
  8 spriggans
  An ice dragon skeleton (D:15)
  12 redbacks
  2 wyverns
  39 yaks
  2 vampires
  A basilisk (D:15)
  A golden eye (shapeshifter) (Vaults:1)
  12 vampire mosquitoes
  A hungry ghost (D:10)
  3 soldier ants
  4 wargs
  Edmund (D:4)
  A warg (shapeshifter) (Vaults:3)
  15 swamp worms
  12 insubstantial wisps
  10 water moccasins
  9 porcupines
  9 swamp drakes
  3 ice beasts
  4 sky beasts
  32 orc warriors
  2 black bears
  An eye of draining (D:15)
  4 phantoms
  2 necrophages
  14 wolves
  2 boggarts
  14 centaurs
  An ettin simulacrum (Vaults:3)
  44 ogres
  4 crocodiles
  The ghost of MordorOrchid the Chiller, an amateur OpIE (D:3)
  22 bullfrogs
  5 big kobolds
  5 gnoll sergeants
  2 wyvern zombies
  5 scorpions
  A wyvern skeleton (D:7)
  7 wights
  32 killer bees
  A human simulacrum (Vaults:2)
  10 howler monkeys
  An electric eel (Lair:1)
  14 crimson imps
  A bullfrog zombie (D:11)
  23 orc priests
  12 hounds
  2 jellies
  2 bullfrog skeletons
  A gnoll shaman (D:6)
  40 orc wizards
  Ijyb (D:3)
  Natasha (thrice) (D:2)
  12 worker ants
  5 iguanas
  A hound skeleton (D:8)
  3 worker ant zombies
  17 adders
  13 gnolls
  3 shadow imps
  2 oozes
  An adder skeleton (D:5)
  An adder zombie (D:7)
  A worm (D:3)
  A dart slug (D:3)
  6 leopard geckos
  92 orcs
  5 giant cockroaches
  8 goblins
  9 hobgoblins
  4 jackals (D:10)
  20 kobolds
  4 quokkas
  A ball python (D:3)
  4 bats
  A frilled lizard (D:2)
  3 jackal skeletons
  A jackal zombie (D:3)
  A quokka skeleton (D:6)
  A quokka zombie (D:9)
  7 rats
  7 fungi
  3 plants
1212 creatures vanquished.

Vanquished Creatures (collateral kills)
  4 ironheart preservers
  The ghost of TheNamelessOne the Carver, a journeyman DsCK of Xom (Lair:6)
  A deep elf death mage (Vaults:3)
  An ice dragon (Vaults:2)
  3 two-headed ogres (Vaults:2)
  An ogre mage (Vaults:2)
  2 ironbrand convokers (Vaults:2)
  A deep elf archer (Vaults:3)
  2 deep elf magi (Vaults:3)
  A vault sentinel (Vaults:1)
  A troll (D:11)
  2 hornets
  A yak (Lair:6)
  3 insubstantial wisps (Swamp:3)
  A sky beast (D:11)
  An orc warrior (Vaults:1)
  An ogre (Vaults:2)
  A wolf (D:11)
  3 electric eels (D:11)
  A hound (D:11)
  A briar patch (Swamp:1)
33 creatures vanquished.

Vanquished Creatures (others)
  An ogre mage (Vaults:2)
  3 swamp drakes
  An orc (Orc:2)
  4 fungi (Lair:5)
  5 plants
  3 withered plants (D:15)
17 creatures vanquished.

Grand Total: 1262 creatures vanquished

Notes
Turn   | Place    | Note
-------+----------+-------------------------------------------
     0 | D:1      | Savaroth the Minotaur Berserker began the quest for the Orb.
     0 | D:1      | Reached XP level 1. HP: 19/19 MP: 0/0
   100 | D:1      | Reached XP level 2. HP: 15/27 MP: 1/1
   308 | D:1      | Found an ancient bone altar of Kikubaaqudgha.
   698 | D:2      | Reached XP level 3. HP: 32/34 MP: 2/2
   702 | D:2      | Noticed Natasha
   706 | D:2      | Killed Natasha
   888 | D:2      | Noticed Natasha
   897 | D:2      | Killed Natasha
   897 | D:2      | Reached skill level 5 in Fighting
   897 | D:2      | Reached skill level 5 in Axes
   897 | D:2      | Reached XP level 4. HP: 33/42 MP: 3/3
   949 | D:2      | Noticed Natasha
   955 | D:2      | Killed Natasha
   955 | D:2      | Reached ** piety under Trog
  1186 | D:2      | Reached XP level 5. HP: 49/49 MP: 4/4
  1495 | D:2      | Found an iron altar of Okawaru.
  1498 | D:2      | Found a deep blue altar of Sif Muna.
  1501 | D:2      | Found a radiant altar of Vehumet.
  1941 | D:3      | Noticed MordorOrchid's ghost (amateur OpIE)
  1958 | D:3      | Killed MordorOrchid's ghost
  1958 | D:3      | Reached XP level 6. HP: 57/58 MP: 5/5
  2091 | D:3      | Found a snail-covered altar of Cheibriados.
  2213 | D:3      | Found an opulent altar of Gozag.
  2322 | D:3      | Noticed Ijyb
  2332 | D:3      | Killed Ijyb
  2395 | D:4      | Noticed Edmund
  2407 | D:4      | Killed Edmund
  2407 | D:4      | Reached XP level 7. HP: 28/66 MP: 6/6
  3055 | D:4      | Reached XP level 8. HP: 67/75 MP: 7/7
  3409 | D:5      | Entered Level 5 of the Dungeon
  3751 | D:5      | Reached *** piety under Trog
  4236 | D:6      | Reached skill level 10 in Fighting
  4236 | D:6      | Reached skill level 10 in Axes
  4344 | D:6      | Found a burning altar of Makhleb.
  4345 | D:6      | Found a shattered altar of Ashenzari.
  4469 | D:6      | Reached XP level 9. HP: 66/86 MP: 8/8
  4924 | D:6      | Found a staircase to the Ecumenical Temple.
  5116 | D:7      | Noticed Prince Ribbit
  5133 | D:7      | Killed Prince Ribbit
  5729 | D:7      | Reached **** piety under Trog
  5840 | D:7      | Found Hibar's Gadget Shoppe.
  5952 | D:7      | Paralysed by a crimson imp for 3 turns
  6117 | D:8      | Found a bloodstained altar of Trog.
  6117 | D:8      | Noticed a two-headed ogre
  6145 | D:8      | Killed a two-headed ogre
  6145 | D:8      | Reached XP level 10. HP: 99/99 MP: 9/9
  6261 | D:8      | Noticed a two-headed ogre
  6486 | D:8      | Killed a two-headed ogre
  6486 | D:8      | Reached skill level 5 in Armour
  6811 | D:8      | Found a blossoming altar of Fedhas.
  7121 | D:9      | Noticed a two-headed ogre
  7131 | D:9      | Killed a two-headed ogre
  7143 | D:9      | Noticed Erica
  7181 | D:9      | Killed Erica
  7181 | D:9      | Reached XP level 11. HP: 96/107 MP: 10/10
  7649 | D:9      | Received a gift from Trog
  7708 | D:9      | Found a roughly hewn altar of Beogh.
  7892 | D:9      | Noticed Erolcha
  7899 | D:9      | Paralysed by a hornet for 2 turns
  7906 | D:9      | Paralysed by a hornet for 3 turns
  7916 | D:9      | Killed Erolcha
  8304 | D:9      | Found a staircase to the Orcish Mines.
  8371 | D:10     | Entered Level 10 of the Dungeon
  8439 | D:10     | Killed an unseen horror
  8490 | D:10     | Killed an unseen horror
  8693 | D:10     | Noticed Gartch3's ghost (journeyman MiBe)
  8710 | D:10     | Killed Gartch3's ghost
  8967 | D:10     | Found a shattered altar of Ashenzari.
 10021 | D:11     | Reached skill level 10 in Armour
 10067 | D:11     | Noticed a two-headed ogre
 10079 | D:11     | Killed a two-headed ogre
 10079 | D:11     | Reached XP level 12. HP: 93/118 MP: 11/11
 10385 | D:11     | Found a staircase to the Lair.
 10510 | D:11     | Noticed Snorg
 10527 | D:11     | Killed Snorg
 10527 | D:11     | Reached skill level 15 in Fighting
 10527 | D:11     | Reached skill level 15 in Axes
 11323 | D:12     | Noticed a six-headed hydra
 11330 | D:12     | Killed an 11-headed hydra
 11712 | Orc:1    | Entered Level 1 of the Orcish Mines
 12053 | Orc:2    | Entered Level 2 of the Orcish Mines
 12155 | Orc:2    | Found a staircase to the Elven Halls.
 12556 | Orc:2    | Received a gift from Trog
 12822 | Orc:2    | Reached skill level 1 in Shields
 12905 | Orc:2    | Paralysed by an orc sorcerer for 3 turns
 12955 | Orc:2    | Noticed an ogre mage
 12967 | Orc:2    | Killed an ogre mage
 13058 | Orc:2    | Noticed an ogre mage
 13069 | Orc:2    | Killed an ogre mage
 13078 | Orc:2    | Found Hytot's Antique Armour Emporium.
 13108 | Orc:2    | Found a radiant altar of Vehumet.
 13111 | Orc:2    | Noticed an ogre mage
 13126 | Orc:2    | Killed an ogre mage
 13294 | Orc:2    | Noticed Nergalle
 13313 | Orc:2    | Killed Nergalle
 13314 | Orc:2    | Found an ancient bone altar of Kikubaaqudgha.
 13411 | Orc:2    | Found a roughly hewn altar of Beogh.
 13411 | Orc:2    | Found Esabeyjiff's Antique Armour Shoppe.
 13411 | Orc:2    | Found Liek's Gadget Emporium.
 13440 | Orc:2    | Noticed an ogre mage
 13444 | Orc:2    | Found Rexyhan's Distillery.
 13449 | Orc:2    | Killed an ogre mage
 13498 | Orc:2    | Noticed an ogre mage
 13508 | Orc:2    | Killed an ogre mage
 13766 | Lair:1   | Entered Level 1 of the Lair of Beasts
 13894 | Lair:1   | Noticed Eltigrechino's ghost (journeyman TrFi)
 13906 | Lair:1   | Killed Eltigrechino's ghost
 14014 | Lair:1   | Reached XP level 13. HP: 124/128 MP: 12/12
 14041 | Lair:1   | Reached skill level 5 in Shields
 14891 | Lair:2   | Reached ***** piety under Trog
 15848 | Lair:3   | Found a hole to the Spider Nest.
 16191 | Lair:3   | Found a staircase to the Swamp.
 17282 | Lair:5   | Reached XP level 14. HP: 138/138 MP: 13/13
 18127 | Lair:6   | Entered Level 6 of the Lair of Beasts
 18138 | Lair:6   | Received a gift from Trog
 18154 | Lair:6   | Found a staircase to the Slime Pits.
 18230 | Lair:6   | Noticed TheNamelessOne's ghost (journeyman DsCK)
 18324 | Lair:5   | Identified a scroll of acquirement
 18479 | Lair:6   | Killed TheNamelessOne's ghost
 19130 | Lair:6   | Reached skill level 10 in Shields
 20363 | Orc:2    | Bought a glowing plate armour for 780 gold pieces
 20363 | Orc:2    | Bought a glowing plate armour for 780 gold pieces
 20609 | Swamp:1  | Entered Level 1 of the Swamp
 21235 | Swamp:1  | Noticed a thorn hunter
 21258 | Swamp:1  | Killed a thorn hunter
 21258 | Swamp:1  | Reached XP level 15. HP: 66/149 MP: 14/14
 22014 | Swamp:2  | Noticed Frances
 22046 | Swamp:2  | Killed Frances
 22740 | Swamp:2  | Reached skill level 15 in Armour
 23380 | Swamp:2  | Paralysed by a hornet for 1 turns
 24356 | Swamp:3  | Noticed a thorn hunter
 24368 | Swamp:3  | Killed a thorn hunter
 24821 | Swamp:4  | Entered Level 4 of the Swamp
 24944 | Swamp:4  | Noticed a thorn hunter
 24966 | Swamp:4  | Killed a thorn hunter
 25417 | Swamp:4  | Reached XP level 16. HP: 109/159 MP: 15/15
 25691 | Swamp:4  | Noticed Bai Suzhen
 25727 | Swamp:4  | Killed Bai Suzhen
 26070 | Swamp:4  | Got a decaying rune of Zot
 27000 | D:13     | Found a gate to the Vaults.
 27361 | D:13     | Noticed VLARC's ghost (journeyman DgEE)
 27408 | D:13     | Killed VLARC's ghost
 27524 | D:13     | Noticed buskinjo's ghost (journeyman OgIE)
 27544 | D:13     | Killed buskinjo's ghost
 28876 | D:15     | Entered Level 15 of the Dungeon
 28896 | D:15     | Found a staircase to the Depths.
 29261 | D:15     | Found a blossoming altar of Fedhas.
 29389 | D:15     | Reached XP level 17. HP: 136/169 MP: 16/16
 29493 | D:15     | Identified the +5 chain mail of Perpetual Drought {rElec MR+ SInv} (You found it on level 15 of the Dungeon)
 29506 | D:15     | Received a gift from Trog
 29586 | D:15     | Found a glowing silver altar of Zin.
 30001 | Vaults:1 | Entered Level 1 of the Vaults
 30534 | Vaults:1 | Got an iridescent battleaxe
 30536 | Vaults:1 | Identified the +5 battleaxe of Embarrassment {chop, Int+2 Dex+5} (You acquired it on level 1 of the Vaults)
 31603 | Vaults:1 | Reached skill level 15 in Shields
 32305 | Vaults:1 | Received a gift from Trog
 32512 | Vaults:1 | Received a gift from Trog
 32910 | Vaults:1 | Reached XP level 18. HP: 89/180 MP: 17/17
 34393 | Vaults:2 | Reached skill level 5 in Dodging
 34761 | Vaults:2 | Received a gift from Trog
 34775 | Vaults:2 | Found Yzew's Weapon Shop.
 35344 | Vaults:2 | Identified the Almanac of Supportive Necromancy
 35367 | Vaults:2 | Found Cula Cobu's Distillery.
 35393 | Vaults:2 | Bought a potion of mutation for 80 gold pieces
 36422 | Vaults:3 | Reached XP level 19. HP: 53/190 MP: 18/18
 36826 | Vaults:3 | Received a gift from Trog
 36919 | Vaults:3 | Received a gift from Trog
 37553 | Vaults:3 | HP: 1/191 [ancient champion/great sword of draining (12)]
 37553 | Vaults:3 | Slain by an ancient champion

Skill      XL: |  1  2  3  4  5  6  7  8  9 10 11 12 13 14 15 16 17 18 19 |
---------------+----------------------------------------------------------+-----
Fighting       | 4 5 6 7 8 10 12 13 14 15 16 17 18 19 20 21 | 21.7
Axes           | 4 5 6 7 8 10 12 13 14 15 16 17 18 19 20 21 | 21.7
Armour         | 4 7 10 11 13 14 15 17 18 19 | 19.5
Shields        | 4 8 10 12 14 15 | 15.0
Dodging        | 7 9 |  9.3

Action                   |  1- 3 |  4- 6 |  7- 9 | 10-12 | 13-15 | 16-18 | 19-21 || total
-------------------------+-------+-------+-------+-------+-------+-------+-------++-------
Melee: Hand axe          |    62 |    93 |   343 |   753 |   789 |   506 |   187 ||  2733
       Headbutt          |     6 |    17 |    74 |   195 |   354 |   502 |    83 ||  1231
       War axe           |       |       |       |   157 |   569 |  1133 |    62 ||  1921
Invok: Berserk           |     1 |     1 |     4 |     9 |    14 |     9 |     2 ||    40
       Trog's Hand       |       |     5 |     8 |    29 |    25 |    30 |     7 ||   104
       Brothers in Arms  |       |       |       |     3 |     8 |     4 |     5 ||    20
       Burn Spellbooks   |       |       |       |       |       |     3 |       ||     3
  Use: Potion            |       |       |     8 |     3 |     1 |     1 |     2 ||    15
       Scroll            |       |       |     9 |     8 |     3 |     4 |     2 ||    26
 Stab: Petrifying        |       |       |       |       |     2 |       |       ||     2
       Confused          |       |       |       |       |     6 |       |       ||     6
       Distracted        |       |       |       |       |     2 |     2 |     1 ||     5
       Petrified         |       |       |       |       |     1 |       |       ||     1
  Eat: Chunk             |       |     8 |    14 |    34 |    21 |    24 |     6 ||   107
       Ration            |       |       |     1 |     4 |    12 |    10 |     2 ||    29
Armor: Animal skin       |     8 |       |       |       |       |       |       ||     8
       Ring mail         |     3 |    21 |       |       |       |       |       ||    24
       Scale mail        |       |     1 |    22 |       |       |       |       ||    23
       Plate armour      |       |       |   180 |   468 |   650 |   787 |    92 ||  2177
Dodge: Dodged            |    34 |    40 |   134 |   235 |   282 |   336 |    80 ||  1141
Block: Shield            |       |       |       |    55 |   628 |   853 |   139 ||  1675
